 Dungeon Crawl Stone Soup version 0.21-a0-369-g397cdb2 (webtiles) character file.

21 4thArraOfDagon the Vexing (level 2, 0/19 HPs)
             Began as a Mummy Enchanter on Oct 15, 2017.
             Hit by a goblin thrown by Robin (2 damage)
             ... on level 1 of the Dungeon.
             The game lasted 00:02:49 (644 turns).

4thArraOfDagon the Vexing (Mummy Enchanter)          Turns: 644, Time: 00:02:50

Health: 0/19       AC:  4    Str: 11    XL:     2   Next: 65%
Magic:  1/5        EV: 12    Int: 14    God:
Gold:   34         SH:  0    Dex: 12    Spells: 3/6 levels left

rFire    x . .     SeeInvis .   a - +1 dagger
rCold    + . .     Gourm    .   (no shield)
rNeg     + + +     Faith    .   b - +0 robe
rPois    ∞         Spirit   .   h - +0 helmet
rElec    .         Reflect  .   (no cloak)
rCorr    .         Harm     .   d - +0 pair of gloves
MR       .....                  (no boots)
Stlth    ++........             (no amulet)
HPRegen  0.06/turn              (no ring)
MPRegen  0.09/turn              (no ring)

@: very slightly contaminated
A: no food or potions, fire vulnerability, cold resistance 1, negative energy
resistance 3, torment resistance, unbreathing
a: no special abilities


You were on level 1 of the Dungeon.
You were not hungry.

You visited 1 branch of the dungeon, and saw 2 of its levels.

You collected 34 gold pieces.

Inventory:

Hand Weapons
 a - a +1 dagger (weapon)
Armour
 b - a +0 robe (worn)
 d - a +0 pair of gloves (worn)
 h - a +0 helmet (worn)
Scrolls
 e - a scroll of immolation {unknown}
 f - 2 scrolls of remove curse {unknown}
 g - a scroll of amnesia {unknown}
 i - a scroll of identify {unknown}
 j - a scroll of teleportation {unknown}
Books
 c - a book of Maledictions

   Spells                             Type                      Level
   a - Corona                         Hexes                        1
   b - Ensorcelled Hibernation        Hexes/Ice                    2
   c - Confuse                        Hexes                        3
   d - Tukima's Dance                 Hexes                        3
   e - Dazzling Spray                 Conjuration/Hexes            3


   Skills:
 * Level 2.2 Short Blades
 - Level 1.5 Dodging
 - Level 2.4 Stealth
 - Level 2.6 Spellcasting
 - Level 2.6 Hexes


You had 3 spell levels left.
You knew the following spells:

 Your Spells              Type           Power        Failure   Level  Hunger
a - Corona                Hex            #......      8%          1    N/A
b - Ensorcelled Hibernat  Hex/Ice        #.....       19%         2    N/A

Dungeon Overview and Level Annotations

Branches:
Dungeon (2/15)

Altars:

Annotations:
D:1 1 runed door, Robin


Innate Abilities, Weirdness & Mutations

You do not eat or drink.
Your flesh is vulnerable to fire.
You are immune to poison.
Your flesh is cold resistant. (rC+)
You are immune to negative energy. (rN+++)
You are immune to unholy pain and torment.
You can survive without breathing.


Message History

The goblin resists with significant effort.
Robin closely misses you. The goblin barely misses you. x2
The goblin misses you. The goblin hits you but does no damage.
Unknown command.
You hit the goblin.
You kill the goblin!
Robin says, "Bow before me, strongest of all the hobgoblins!"
Robin hits you with a trident!
* * * LOW HITPOINT WARNING * * *
Unknown command.
Unknown command.
The goblin hits you but does no damage. x2
Robin hits you from afar with a trident.
* * * LOW HITPOINT WARNING * * *
The goblin barely misses you.
You see here a goblin corpse.
Unknown command.
Unknown command.
The goblin hits you but does no damage. Robin throws the goblin at you!
You die...

#.......# #.......# ###
##.....## ##.# ##[......#
#..# #........# ...#
#........# .#.#
##.#.....## .#.#
##########..#...>##
##.#####..[..g>g@g##.####
..).........(..g####.#
....#####.......# #.#
##......#.......# ..#
##.........(....# ###
.......##.......# .#
#####..##.......# .#
J...#..#..#.###.##.#
.hJ.#....##. #..#..#


You could see Robin and 3 goblins.

Vanquished Creatures
  A dart slug (D:1)
  A leopard gecko (D:1)
  A bat (D:1)
  3 goblins (D:1)
  2 hobgoblins (D:1)
  A jackal (D:1)
  2 frilled lizards (D:1)
  3 kobolds (D:1)
  5 rats (D:1)
19 creatures vanquished.

Notes
Turn   | Place    | Note
-------+----------+-------------------------------------------
     0 | D:1      | 4thArraOfDagon the Mummy Enchanter began the quest for the Orb.
     0 | D:1      | Reached XP level 1. HP: 13/13 MP: 4/4
    18 | D:2      | Noticed a worker ant
    30 | D:1      | Found a runed door.
    44 | D:1      | Reached skill level 1 in Short Blades
   184 | D:1      | Reached XP level 2. HP: 15/19 MP: 3/5
   188 | D:1      | Learned a level 2 spell: Ensorcelled Hibernation
   637 | D:2      | Noticed Robin
   644 | D:1      | Hit by a goblin thrown by Robin

Vault maps used:
D:1:      dpeg_arrival_caged_fury
D:2:      first_bread, uniq_robin

Skill      XL: |  1  2 |
---------------+-------+-----
Short Blades   | 1 2 |  2.2
Dodging        | |  1.5
Stealth        | |  2.4
Spellcasting   | |  2.6
Hexes          | |  2.6

Action                   || total
-------------------------++-------
Melee: Dagger            ||    56
 Cast: Corona            ||     7
       Ensorcelled Hiber ||    12
 Stab: Sleeping          ||     5
Armor: Robe              ||    17
Dodge: Dodged            ||    56

Table legend:
 A = Spawn XP
 B = Non-spawn XP
 C = Spawn XP percentage of total XP
 D = Spawn monster count
 E = Non-spawn monster count
 F = Spawn count percentage of total count
 G = Total turns spent on level
                    A         B        C        D         E        F      G
               +---------+---------+-------+---------+---------+-------+---------
         Total |       0 |      31 |   0.0 |       0 |      19 |   0.0 |   644
               +---------+---------+-------+---------+---------+-------+---------
           D:1 |       0 |      31 |   0.0 |       0 |      19 |   0.0 |   618
               +---------+---------+-------+---------+---------+-------+---------
